 Dungeon Crawl Stone Soup version 0.25-a0-277-g7046ed1b37 (webtiles) character file.

Game seed: 12209219747077656752, levelgen mode: deterministic

103 Shargarth the Slasher (level 4, -5/41 HPs)
             Began as a Minotaur Berserker on Dec 9, 2019.
             Was a Believer of Trog.
             Slain by a gnoll
             ... wielding a +0 whip
              (8 damage)
             ... on level 3 of the Dungeon.
             The game lasted 00:12:45 (1072 turns).

Shargarth the Slasher (Minotaur Berserker)          Turns: 1072, Time: 00:12:46

Health: -5/41      AC:  2    Str: 22    XL:     4   Next: 51%
Magic:  3/3        EV: 12    Int:  4    God:    Trog [**....]
Gold:   70         SH:  0    Dex: 10    Spells: 3/3 levels left

rFire    . . .     SeeInvis .   a - +0 falchion
rCold    . . .     Gourm    .   (no shield)
rNeg     . . .     Faith    .   b - +0 animal skin
rPois    .         Spirit   .   (helmet restricted)
rElec    .         Reflect  .   (no cloak)
rCorr    .         Harm     .   (no gloves)
MR       .....                  (no boots)
Stlth    +.........             (no amulet)
HPRegen  0.13/turn              (no ring)
MPRegen  0.08/turn              (no ring)

@: berserk cooldown, very slightly contaminated, slowed, invisible, very slow
A: retaliatory headbutt, horns 2
a: Berserk, Trog's Hand, Renounce Religion


You were on level 3 of the Dungeon.
You worshipped Trog.
Trog was pleased with you.
You were near starving.

You visited 1 branch of the dungeon, and saw 3 of its levels.

You collected 70 gold pieces.

Inventory:

Hand Weapons
 a - a +0 falchion (weapon)
 d - a +0 club
 q - a +0 whip
 w - a +0 club
 x - a +0 club
Missiles
 f - 7 boomerangs
 j - 25 sling bullets
 k - 72 stones (quivered)
 o - 14 poisoned darts
Armour
 b - a +0 animal skin (worn)
 m - a cursed +0 robe
Jewellery
 g - an uncursed ring of wizardry {unknown}
Scrolls
 e - a scroll of enchant weapon {unknown}
 h - a scroll of amnesia {unknown}
 n - a scroll of random uselessness {unknown}
 r - 2 scrolls of fog {unknown}
 t - a scroll of magic mapping {unknown}
 u - a scroll of enchant armour {unknown}
Potions
 l - a potion of brilliance {unknown}
 p - a potion of magic {unknown}
 s - a potion of mutation {unknown}
 v - 2 potions of heal wounds {unknown}
Comestibles
 c - 5 rations


   Skills:
 + Level 4.5 Fighting
 + Level 5.4 Long Blades
 + Level 2.6 Armour
 + Level 2.8 Dodging


You had 3 spell levels left.
You didn't know any spells.
Your spell library contained the following spells:

 Spells                   Type           Power        Failure   Level  Hunger
 Corona                   Hex            #......      50%         1    ##.....
 Ensorcelled Hibernation  Hex/Ice        #.....       65%         2    ###....
 Confuse                  Hex            #.......     86%         3    ####...
 Dazzling Flash           Conj/Hex       #.....       86%         3    ####...
 Tukima's Dance           Hex            #.......     86%         3    ####...


Dungeon Overview and Level Annotations

Branches:
Dungeon (3/15)

Altars:


Innate Abilities, Weirdness & Mutations

You reflexively headbutt those who attack you in melee.
You have a pair of horns on your head.


Message History

You barely miss the rat. The rat bites you.
* * * LOW HITPOINT WARNING * * *
The gnoll closely misses you. The rat barely misses you.
You furiously retaliate!
You headbutt the rat.
You kill the rat!
Trog accepts your kill.
It was a potion of invisibility.
You fade into invisibility!
The gnoll barely misses you.
You are very lightly contaminated with residual magic.
You closely miss the gnoll. You headbutt the gnoll!
The gnoll is heavily wounded.
The gnoll hits you with a +0 whip.
* * * LOW HITPOINT WARNING * * *
The gnoll hits you with a +0 whip.
* * * LOW HITPOINT WARNING * * *
You fade further into invisibility.
You are near starving!
The gnoll hits you with a +0 whip!
You die...

##### #.. .... .#.
...##.. #.....#
...#####...#.#
............###
..###..).#(.[#
#...!..g.(.###.#
#..##..@>)......
#..####†)###... #
#....†..)#######
#.#.......)......#
#.#.....#..#####.#
#.............#
#####.....##.##.#
#........###.# ..
#.#####.## #.# ..


You could see a gnoll.

Vanquished Creatures
  3 gnolls (D:3)
  4 adders
  A worm (D:2)
  2 dart slugs (D:3)
  A leopard gecko (D:1)
  3 bats
  2 giant cockroaches (D:1)
  2 goblins (D:3)
  4 hobgoblins
  3 jackals (D:2)
  3 frilled lizards
  A kobold (D:2)
  4 rats
33 creatures vanquished.

Notes
Turn   | Place    | Note
-------+----------+-------------------------------------------
     0 | D:1      | Shargarth the Minotaur Berserker began the quest for the
                  | Orb.
     0 | D:1      | Reached XP level 1. HP: 19/19 MP: 0/0
   174 | D:1      | Reached skill level 4 in Long Blades
   174 | D:1      | Reached XP level 2. HP: 27/27 MP: 1/1
   890 | D:2      | Reached XP level 3. HP: 28/33 MP: 2/2
   999 | D:3      | Reached ** piety under Trog
  1020 | D:3      | Reached skill level 5 in Long Blades
  1052 | D:3      | Reached XP level 4. HP: 39/40 MP: 3/3
  1072 | D:3      | Slain by a gnoll

Levels and vault maps discovered:
D:1:      wander_arrival_peaceful_grave, layout_loops_ring
D:2:      layout_basic, chequers_ecumenical_altar_grove,
          chequers_serial_rivers_small_a, serial_bayou_crossing, uniq_sigmund
D:3:      layout_loops_ring, minmay_misc_feat_roman, tgw_trog, uniq_ijyb

Skill      XL: |  1  2  3 |
---------------+----------+-----
Long Blades    | 4 5 |  5.4
Fighting       | 4 |  4.5
Armour         | |  2.6
Dodging        | |  2.8

Action                   |  1- 3 |  4- 6 || total
-------------------------+-------+-------++-------
Melee: Falchion          |    42 |     8 ||    50
       Headbutt          |     7 |     2 ||     9
Throw: Stone             |     2 |       ||     2
Invok: Berserk           |       |     1 ||     1
  Use: Potion            |       |     2 ||     2
Armor: Animal skin       |     6 |       ||     6
Dodge: Dodged            |    28 |    12 ||    40
       Rpst.: Falchion   |     9 |     1 ||    10

Table legend:
 A = Non-vault XP
 B = Vault XP
 C = Vault XP percentage of total XP
 D = Non-vault monster count
 E = Vault monster count
 F = Vault count percentage of total count
                 A         B        C        D         E       F
            +---------+---------+-------+---------+---------+-------
      Total |     148 |       0 |   0.0 |      33 |       0 |   0.0
            +---------+---------+-------+---------+---------+-------
        D:1 |      17 |       0 |   0.0 |       9 |       0 |   0.0
        D:2 |      30 |       0 |   0.0 |      11 |       0 |   0.0
        D:3 |     101 |       0 |   0.0 |      13 |       0 |   0.0
            +---------+---------+-------+---------+---------+-------
